 Dungeon Crawl Stone Soup version 0.21-a0-201-g8501b10 (webtiles) character file.

51 namelastname112 the Chiller (level 3, -2/26 HPs)
             Began as a Barachi Ice Elementalist on Aug 19, 2017.
             Shot with a stone by a goblin (7 damage)
             ... led by Robin
             ... on level 1 of the Dungeon.
             The game lasted 00:02:25 (1113 turns).

namelastname112 the Chiller (BaIE)                  Turns: 1113, Time: 00:02:26

Health: -2/26      AC:  2    Str:  9    XL:     3   Next: 83%
Magic:  0/6        EV: 13    Int: 16    God:
Gold:   50         SH:  0    Dex: 12    Spells: 6/7 levels left

rFire    . . .     SeeInvis .   e - +0 dagger
rCold    . . .     Gourm    .   (no shield)
rNeg     . . .     Faith    .   a - +0 robe
rPois    .         Spirit   .   (no helmet)
rElec    .         Reflect  .   (no cloak)
rCorr    .         Harm     .   (no gloves)
MR       .....                  (no boots)
Stlth    ++........             (no amulet)
HPRegen  0.08/turn              (no ring)
MPRegen  0.10/turn              (no ring)

@: slow
A: +LOS, swims, slowness 1, strong legs 1
a: Hop


You were on level 1 of the Dungeon.
You were very hungry.

You visited 1 branch of the dungeon, and saw 2 of its levels.

You collected 50 gold pieces.

Inventory:

Hand Weapons
 e - a +0 dagger (weapon)
Armour
 a - a +0 robe (worn)
Scrolls
 d - 3 scrolls of identify {unknown}
 f - a scroll of fog {unknown}
 j - 2 scrolls of remove curse {unknown}
Potions
 g - 2 potions of curing {unknown}
 h - 3 potions of brilliance {unknown}
Books
 b - a book of Frost

   Spells                             Type                      Level
   a - Freeze                         Ice                          1
   b - Throw Frost                    Conjuration/Ice              2
   c - Ozocubu's Armour               Charms/Ice                   3
   d - Throw Icicle                   Conjuration/Ice              4
   e - Summon Ice Beast               Ice/Summoning                4
Comestibles
 c - 2 bread rations
 i - a meat ration


   Skills:
 + Level 1.4 Fighting
 + Level 2.6 Dodging
 - Level 1.7 Stealth
 + Level 2.6 Spellcasting
   Level 1.1 Conjurations
 * Level 4.6 Ice Magic


You had 6 spell levels left.
You knew the following spells:

 Your Spells              Type           Power        Failure   Level  Hunger
z - Freeze                Ice            ###.         3%          1    #......


Dungeon Overview and Level Annotations

Branches:
Dungeon (2/15)

Altars:
Hepliaklqana

Annotations:
D:2 Robin


Innate Abilities, Weirdness & Mutations

Shadows flee at your approach. (+LOS)
You can swim through water.
You cover ground slowly.
You can hop short distances.


Message History

You miss the goblin. The goblin hits you but does no damage.
The goblin shoots a stone.
The stone hits you.
* * * LOW HITPOINT WARNING * * *
You take 4 damage, and have 5/26 hp.
The goblin barely misses you.
The goblin unwields an uncursed hunting sling.
The goblin wields an uncursed dagger.
The goblin misses you. The goblin misses you.
You closely miss the goblin. The goblin hits you but does no damage.
Casting: Freeze
Confirm with . or Enter, or press ? or * to list all spells.
Aiming: Freeze
Press: ? - help, Shift-Dir - straight line, f - goblin
Aim: a goblin You freeze the goblin.
You kill the goblin!
The goblin unwields an uncursed dagger.
The goblin wields an uncursed hunting sling.
The goblin shoots a stone.
The stone hits you!
You die...

.#.##..#######.#.# #.#
.#.###.# #.#.# #.# ##.###.##
#.#.# #.# ........#### #.#.#
#.# .#.#####...# #.#.# #.#
.#.# #.#####.#.# #.# .#.#
#.........# #(#
.#.###########.#######.#
.#............g.@......#
##############.##############
.........)...#>.............#
############.##############.#
>....# #.# #.# ####.# #.# #.#
#.# #.# #.# ####.# #.# #.#
.....# #.# #.#


You could see a goblin.

Vanquished Creatures
  An iguana (D:1)
  A leopard gecko (D:1)
  4 bats (D:1)
  A giant cockroach (D:1)
  10 goblins
  A hobgoblin (D:1)
  2 kobolds (D:1)
  4 rats (D:1)
24 creatures vanquished.

Notes
Turn   | Place    | Note
-------+----------+-------------------------------------------
     0 | D:1      | namelastname112 the Barachi Ice Elementalist began the quest for the Orb.
     0 | D:1      | Reached XP level 1. HP: 13/13 MP: 3/3
     1 | D:1      | epen: прыгай
   147 | D:1      | Reached skill level 4 in Ice Magic
   147 | D:1      | Reached XP level 2. HP: 20/20 MP: 3/5
   155 | D:1      | epen: этот павер мод
   260 | D:1      | epen: он как тот чел у которого цифра 4 в нике
   305 | D:1      | namelastname112: 4arra
   305 | D:1      | namelastname112: лол
   305 | D:1      | namelastname112: да он не спит никогда походу
   305 | D:1      | namelastname112: тоже ебанутый
   648 | D:1      | epen: я бы тоже не спал
   742 | D:1      | epen: если бы жизнь не была таким говном
   869 | D:1      | epen: но мне только и остаётся что спать
   869 | D:1      | namelastname112: хуя блять
   869 | D:1      | namelastname112: игуана нахуй
   878 | D:1      | Reached skill level 1 in Fighting
   878 | D:1      | Reached XP level 3. HP: 22/26 MP: 1/6
  1080 | D:2      | Found a hazy altar of Hepliaklqana.
  1082 | D:2      | Noticed Robin
  1104 | D:1      | epen: хорошо что хоть не маскаль
  1113 | D:1      | Shot with a stone by a goblin

Vault maps used:
D:1:      dpeg_arrival_central
D:2:      nicolae_overflow_crystal_walls, lemuel_doored_altar,
          minmay_tetromino_i2, uniq_robin

Skill      XL: |  1  2 |
---------------+-------+-----
Ice Magic      | 4 |  4.6
Fighting       | 1 |  1.4
Dodging        | |  2.6
Stealth        | |  1.7
Spellcasting   | |  2.6
Conjurations   | |  1.1

Action                   || total
-------------------------++-------
Melee: Dagger            ||    12
       Unarmed           ||     1
 Cast: Freeze            ||    34
Armor: Robe              ||    10
Dodge: Dodged            ||    35
